 Dungeon Crawl Stone Soup version 0.29.0-15-g675c0067aa (webtiles) character file.

Game seed: 11883419565407557897

72 qw the Sneak (level 4, -3/28 HPs)
             Began as a Gargoyle Delver on Sept 11, 2022.
             Slain by an orc warrior
             ... wielding a +0 trident
              (9 damage)
             ... on level 4 of the Dungeon.
             The game lasted 00:00:07 (559 turns).

qw the Sneak (Gargoyle Delver)                       Turns: 559, Time: 00:00:08

Health: -3/28      AC:  6    Str: 17    XL:     4   Next: 25%
Magic:  4/4        EV: 11    Int: 11    God:
Gold:   0          SH:  0    Dex: 11    Spells: 3/3 levels left

rFire   . . .      SeeInvis .   a - +0 hand axe
rCold   . . .      Faith    .   (no shield)
rNeg    + . .      Spirit   .   b - +0 leather armour
rPois   inf        Reflect  .   (no helmet)
rElec   +          Harm     .   (no cloak)
rCorr   .          Rampage  .   (no gloves)
Will    .....                   (no boots)
Stlth   +++.......              (no amulet)
HPRegen 0.09/turn               (no ring)
MPRegen 0.09/turn               (no ring)

@: no status effects
A: sickness immunity, AC +3, negative energy resistance 1, electricity
resistance, torment resistance 1, petrification resistance
a: no special abilities


You were on level 4 of the Dungeon.
You visited 1 branch of the dungeon, and saw 2 of its levels.


Innate Abilities, Weirdness & Mutations

You are immune to sickness and miasma.
Your stone body is resilient. (AC +3)
You are immune to poison.
You resist negative energy. (rN+)
You are resistant to electric shocks. (rElec)
You are resistant to unholy torment.
You are immune to petrification.


   Skills:
 - Level 3.2 Fighting
 + Level 4.0 Axes
 - Level 1.5 Dodging
 - Level 5.4 Stealth


You had 3 spell levels left.
You didn't know any spells.
Your spell library was empty.

Inventory:

Hand Weapons
 a - a +0 hand axe (weapon)
Armour
 b - a +0 leather armour (worn)
Wands
 g - a wand of digging (3)
Potions
 f - a potion of haste

Dungeon Overview and Level Annotations

Branches:
Dungeon (5/15)
 Temple: D:4-7

Altars:


Message History

Your experience leads to an increase in your attributes!
Increase (S)trength, (I)ntelligence, or (D)exterity?
You feel stronger. x2; You have reached level 4!
You feel clever.
You start resting.
An orc comes into view. It is wielding a +0 flail.
501 ||| FLEEEEING.
An orc comes into view. It is wielding a +0 flail.
The orc shouts!
You hear a shout!
A howler monkey comes into view.
The orc moves out of view.
There is a stone staircase leading up here.
You see here a scorpion corpse.
502 ||| STAIRDANCE You climb upwards.
There is a stone staircase leading down here.
Existing waypoints: (2) D:5 Assign waypoint to what number? (0-9, D - delete waypoint) Waypoint 1 assigned to D:4.
You start resting.
HP restored.
An orc comes into view. It is wielding a +0 mace.
Found a stone staircase leading up.
552 ||| FLEEEEING.
An orc warrior and an orc come into view.
The orc warrior shouts!
The orc shouts! x2
The orc warrior hits you from afar with a +0 trident!
The orc warrior hits you with a +0 trident!
You hit the orc warrior but do no damage.
You hit the orc but do no damage. The orc warrior barely misses you.
The orc hits you but does no damage.
You barely miss the orc warrior. You closely miss the orc. You hit the orc.
The orc warrior hits you with a +0 trident.
The orc misses you. The orc hits you but does no damage.
You barely miss the orc. Your punch misses the orc.
The orc is moderately wounded.
You hit the orc but do no damage. You closely miss the orc warrior.
The orc warrior hits you with a +0 trident!
You die...

#. ... #####.###.##
#..........
#.........#
#.......<.#
#.........#
#.........# .
#...o.....#####....
#...o@.....>.......
#...o.....#####...#
#.........# #
###.####### ...
#... #.. ...


You could see an orc warrior and 2 orcs.

Vanquished Creatures
  A scorpion (D:5)
  A shadow imp (D:5)
  A dart slug (D:5)
3 creatures vanquished.

Notes
Turn   | Place    | Note
-------+----------+-------------------------------------------
     0 | D:5      | qw the Gargoyle Delver began the quest for the Orb.
     0 | D:5      | Reached XP level 1. HP: 14/14 MP: 1/1
     0 | D:5      | 0 ||| qw: Version: 0.1-a-117-gfe26ee0
     0 | D:5      | 0 ||| qw: Game counter: 9935
     0 | D:5      | 0 ||| qw: Always use a shield: true
     0 | D:5      | 0 ||| qw: God list: Okawaru
     0 | D:5      | 0 ||| qw: Allow faded altars: false
     0 | D:5      | 0 ||| qw: Do Orc after D:15 true
     0 | D:5      | 0 ||| qw: Do second Lair branch before Depths: true
     0 | D:5      | 0 ||| qw: Lair rune preference: random
     0 | D:5      | 0 ||| qw: Plans: Normal
     0 | D:5      | 0 ||| PLANNING D:1-11
     4 | D:5      | 4 ||| Stepping ~*~*~tactically~*~*~ (hiding).
   106 | D:5      | 106 ||| Stepping ~*~*~tactically~*~*~ (hiding).
   208 | D:5      | 208 ||| Stepping ~*~*~tactically~*~*~ (hiding).
   310 | D:5      | 310 ||| Stepping ~*~*~tactically~*~*~ (hiding).
   325 | D:5      | Reached XP level 2. HP: 19/19 MP: 2/2
   327 | D:5      | 327 ||| DROPPING scroll of fog.
   328 | D:5      | 328 ||| DROPPING scroll of magic mapping.
   329 | D:5      | 329 ||| DROPPING scroll of fear.
   330 | D:5      | Noticed a scorpion
   362 | D:5      | Killed a scorpion
   363 | D:5      | Reached XP level 3. HP: 9/23 MP: 3/3
   363 | D:5      | Reached XP level 4. HP: 11/28 MP: 4/4
   501 | D:5      | 501 ||| FLEEEEING.
   502 | D:5      | 502 ||| STAIRDANCE
   552 | D:4      | 552 ||| FLEEEEING.
   552 | D:4      | Noticed an orc warrior
   558 | D:4      | HP: 6/28 [orc warrior/+0 trident (3)]
   559 | D:4      | Slain by an orc warrior

Levels and vault maps discovered:
D:4:      layout_loops_ring, kennysheep_little_box, old_standard_altar,
          minmay_a_box_with_orc_wizards_in_it, uniq_ijyb
D:5:      layout_loops_ring, grunt_gozag_breadcrumbs, lemuel_temple_firewalk_b,
          amcnicky_mini_corridor_feature

Skill      XL: |  1  2 |
---------------+-------+-----
Axes           | 2 4 |  4.0
Fighting       | |  3.2
Dodging        | |  1.5
Stealth        | |  5.4

Action                   |  1- 3 |  4- 6 || total
-------------------------+-------+-------++-------
Melee: Hand axe          |    27 |     3 ||    30
Armor: Leather armour    |     4 |     2 ||     6
Dodge: Dodged            |    24 |     2 ||    26

Table legend:
 A = Non-vault XP
 B = Vault XP
 C = Vault XP percentage of total XP
 D = Non-vault monster count
 E = Vault monster count
 F = Vault count percentage of total count
                 A         B        C        D         E       F
            +---------+---------+-------+---------+---------+-------
      Total |     103 |       0 |   0.0 |       3 |       0 |   0.0
            +---------+---------+-------+---------+---------+-------
        D:5 |     103 |       0 |   0.0 |       3 |       0 |   0.0
            +---------+---------+-------+---------+---------+-------
